 Dungeon Crawl Stone Soup version 0.27-a0-1555-g0e7b3fb1d2 (console) character file.

Game seed: 15835888670828591374

24353 jejorda2 the Impaler (level 13, -1/154 HPs)
             Began as a Merfolk Berserker on July 14, 2021.
             Was a High Priest of Trog.
             Killed from afar by a bog body (30 damage)
             ... with a bolt of cold
             ... on level 3 of the Lair of Beasts.
             The game lasted 00:29:53 (15209 turns).

jejorda2 the Impaler (Merfolk Berserker)           Turns: 15209, Time: 00:29:54

Health: -1/154     AC: 18    Str: 23    XL:     13   Next: 12%
Magic:  13/13      EV:  9    Int:  6    God:    Trog [*****.]
Gold:   624        SH:  5    Dex: 13    Spells: 12/12 levels left

rFire    . . .     SeeInvis .   b - +1 trident (elec)
rCold    . . .     Faith    .   (no shield)
rNeg     . . .     Spirit   .   J - +0 plate armour
rPois    +         Reflect  +   n - +0 helmet
rElec    .         Harm     .   m - +0 cloak
rCorr    .         Rampage  .   t - +1 pair of gloves
Will     .....                  r - +0 pair of boots
Stlth    ..........             L - amulet of reflection
HPRegen  0.35/turn              s - ring of poison resistance
MPRegen  0.13/turn              A - +4 ring of slaying

@: berserking, very quick
A: (nimble swimmer 2), mertail
a: Renounce Religion, Berserk, Trog's Hand, Brothers in Arms


You were on level 3 of the Lair of Beasts.
You worshipped Trog.
Trog was extremely pleased with you.
You visited 2 branches of the dungeon, and saw 14 of its levels.

You collected 720 gold pieces.
You spent 96 gold pieces at shops.

Inventory:

Hand Weapons
 a - a +2 glaive of freezing
 b - a +1 trident of electrocution (weapon)
Missiles
 d - a throwing net
 q - 2 javelins
 u - 10 boomerangs
 y - 25 poisoned darts (quivered)
 F - 6 atropa-tipped darts
Armour
 m - a +0 cloak (worn)
 n - a +0 helmet (worn)
 r - a +0 pair of boots (worn)
 t - a +1 pair of gloves (worn)
 J - a +0 plate armour (worn)
 N - the +1 chain mail "Plog" {rPois Dex+3}
   (You found it on level 2 of the Lair of Beasts)

   Dex:       It affects your dexterity (+3).
   rPois:     It protects you from poison.
 O - a +0 chain mail of cold resistance
Jewellery
 g - a ring of ice
 s - a ring of poison resistance (left hand)
 A - a +4 ring of slaying (right hand)
 L - an amulet of reflection (around neck)
Wands
 i - a wand of iceblast (10)
 k - a wand of flame (42)
 v - a wand of digging (13)
 D - a wand of polymorph (9)
 K - a wand of paralysis (9)
Scrolls
 c - 6 scrolls of identify
 p - 2 scrolls of fear
 B - 4 scrolls of teleportation
 E - a scroll of blinking
 G - a scroll of magic mapping
 I - 2 scrolls of fog
Potions
 e - 2 potions of ambrosia
 f - 12 potions of curing
 h - a potion of lignification
 j - a potion of resistance
 l - 3 potions of haste
 o - 5 potions of might
 w - a potion of heal wounds
 x - 3 potions of berserk rage
 z - 2 potions of cancellation
 C - 3 potions of flight
 H - 3 potions of attraction
 M - a potion of invisibility


   Skills:
 * Level 9.9 Fighting
 - Level 20.0 Polearms
 + Level 7.9 Throwing
 - Level 6.0 Armour
 - Level 6.0 Dodging
 - Level 6.0 Evocations


You had 12 spell levels left.
You didn't know any spells.
Your spell library was empty.

Dungeon Overview and Level Annotations

Branches:
Dungeon (11/15)            Temple (0/1) D:6            Lair (3/6) D:11
  Swamp (0/4) Lair:3        Snake (0/4) Lair:3          Orc (0/2) D:9

Altars:
Ashenzari
Cheibriados
Hepliaklqana
Makhleb
Nemelex Xobeh
Okawaru
Trog
Uskayaw
Vehumet
Wu Jian
Xom
The Shining One
Beogh

Shops:
D:3 *   D:9 ?

Annotations:
D:8 4 transporters, Demosthentine's ghost, novice MfGl


Innate Abilities, Weirdness & Mutations

((You are quick and stealthy near water. (Stealth+, EV+, Speed+++)))
Your lower body shifts to a powerful aquatic tail in water.


Message History

Your +2 glaive of freezing stops glowing.
You hear the crackle of electricity.
b - a +1 trident of electrocution (weapon)
A bog body comes into view.
The bog body points at you and mumbles some strange words.
You resist with significant effort. The bog body casts a spell at you.
You resist with significant effort.
You puncture the bog body!
The bog body is heavily damaged.
The bog body points at you and mumbles some strange words.
The bolt of cold hits you!!
You closely miss the bog body.
The bog body is heavily damaged.
You puncture the bog body!
The bog body is severely damaged.
The bog body touches you. The bog body freezes you!!
You are too injured to fight recklessly!
You are too injured to fight recklessly!
You are too injured to fight recklessly!
You are too injured to fight recklessly!
You are too injured to fight recklessly!
A red film seems to cover your vision as you go berserk!
You feel yourself moving faster!
You feel mighty!
The bog body touches you but does no damage.
The bog body touches you. The bog body freezes you!
You barely miss the bog body.
The bog body is severely damaged.
The bog body touches you. The bog body freezes you!!
* * * LOW HITPOINT WARNING * * *
You impale the bog body!! Lightning courses through the bog body!
You destroy the bog body!
Trog accepts your kill.
Trog appreciates your killing of a magic user.
You closely miss the bog body. You puncture the bog body!
The bog body is moderately damaged.
The bog body points at you and mumbles some strange words.
The bolt of cold hits you!!
You die...

#........### ##.......#
#........###
##.........#
##.........##
##.........## .
#..........##
#...###..P........#
#...@.##.....#P#
#..≈n♣†.#.....### ###
#.§§♣≈≈.......### #.#
#..≈§§≈≈.#.....#.# #.##
....§♣§§§.##......###...
.....≈♣§§§.#............
.... ..§§..............
.... ................
.###...........


You could see a bog body.

Vanquished Creatures
  2 hydras (Lair:1)
  2 two-headed ogres
  3 death yaks (Lair:2)
  A bog body (Lair:3)
  An oklob plant (D:10)
  2 manticores
  8 cane toads
  2 rime drakes
  7 komodo dragons
  Psyche (D:9)
  A troll (D:10)
  A queen bee (Lair:2)
  A hornet (D:10)
  5 blink frogs
  A shadow (D:11)
  13 yaks
  3 wyverns
  5 basilisks
  Eustachio (D:4)
  Grum (D:10)
  2 steam dragons
  Menkaure (D:4)
  An acid dragon (D:10)
  11 water moccasins
  Duvessa (D:7)
  An ice beast (D:7)
  2 black bears (Lair:2)
  10 orc warriors
  3 ogres
  A necrophage (D:5)
  A centaur (D:5)
  7 wolves
  A phantom (D:5)
  10 bullfrogs
  Dowan (D:7)
  A water moccasin zombie (D:5)
  2 scorpions
  A wyvern skeleton (D:7)
  32 killer bees
  An oklob sapling (D:10)
  8 wights
  2 howler monkeys (D:9)
  A crimson imp (D:5)
  3 bullfrog zombies
  3 centaur zombies
  5 hounds
  6 orc priests
  A centaur skeleton (D:7)
  A gnoll shaman (D:5)
  5 jellies
  Crazy Yiuf (D:2)
  3 bullfrog skeletons
  2 iguanas
  5 orc wizards
  A hell rat (Lair:2)
  Terence (D:2)
  2 killer bee zombies
  A hound skeleton (D:4)
  A howler monkey skeleton (D:6)
  6 gnolls
  16 adders
  A white imp (D:6)
  An adder skeleton (D:4)
  An adder zombie (D:5)
  A worm (D:2)
  4 dart slugs
  43 orcs
  12 ball pythons
  7 bats
  5 endoplasms
  3 giant cockroaches
  4 goblins
  4 hobgoblins
  11 jackals
  4 quokkas
  4 frilled lizards
  10 kobolds
  A rat (D:1)
341 creatures vanquished.

Vanquished Creatures (others)
  A bush (D:10)
  9 fungi
  32 plants
42 creatures vanquished.

Grand Total: 383 creatures vanquished

Notes
Turn   | Place    | Note
-------+----------+-------------------------------------------
     0 | D:1      | jejorda2 the Merfolk Berserker began the quest for the Orb.
     0 | D:1      | Reached XP level 1. HP: 18/18 MP: 1/1
   135 | D:1      | Reached XP level 2. HP: 11/24 MP: 2/2
   382 | D:1      | Reached skill level 5 in Polearms
   618 | D:1      | Reached XP level 3. HP: 23/29 MP: 3/3
  1038 | D:2      | Found a sparkling altar of Nemelex Xobeh.
  1209 | D:2      | Noticed Terence
  1217 | D:2      | Killed Terence
  1218 | D:2      | Reached XP level 4. HP: 37/37 MP: 4/4
  1307 | D:2      | Reached skill level 6 in Polearms
  1360 | D:2      | Reached ** piety under Trog
  1639 | D:2      | Found a faded altar of an unknown god.
  1704 | D:2      | Found a runed translucent door.
  1705 | D:2      | Noticed Crazy Yiuf
  2114 | D:2      | Killed Crazy Yiuf
  2115 | D:2      | Reached XP level 5. HP: 42/42 MP: 5/5
  2549 | D:3      | Found Vinao's General Store.
  2559 | D:3      | Bought a +0 helmet for 54 gold pieces
  3014 | D:3      | Reached skill level 7 in Polearms
  3351 | D:4      | Reached XP level 6. HP: 49/49 MP: 6/6
  3439 | D:4      | Found a broken altar of Ashenzari.
  3570 | D:4      | Noticed Eustachio
  3572 | D:4      | Reached skill level 8 in Polearms
  3585 | D:5      | Entered Level 5 of the Dungeon
  3708 | D:4      | Killed Eustachio
  3708 | D:4      | Reached *** piety under Trog
  3709 | D:4      | Reached skill level 5 in Fighting
  3709 | D:4      | Reached XP level 7. HP: 38/56 MP: 7/7
  4157 | D:4      | Noticed Menkaure
  4164 | D:4      | Killed Menkaure
  4165 | D:4      | Reached skill level 9 in Polearms
  4805 | D:5      | Found a burning altar of Makhleb.
  4851 | D:5      | Reached skill level 10 in Polearms
  4851 | D:5      | Reached XP level 8. HP: 64/64 MP: 8/8
  5096 | D:5      | Found a sparkling altar of Nemelex Xobeh.
  5125 | D:5      | Found a bloodstained altar of Trog.
  5130 | D:5      | Reached skill level 11 in Polearms
  5721 | D:6      | Reached **** piety under Trog
  5734 | D:6      | Reached skill level 12 in Polearms
  6068 | D:6      | Found a snail-covered altar of Cheibriados.
  6204 | D:6      | Found a staircase to the Ecumenical Temple.
  6298 | D:6      | Found a glowing golden altar of the Shining One.
  6298 | D:6      | Found an iron altar of Okawaru.
  6305 | D:6      | Found a hide-covered altar of Uskayaw.
  6307 | D:6      | Found a radiant altar of Vehumet.
  6309 | D:6      | Found a faded altar of an unknown god.
  6354 | D:7      | Reached XP level 9. HP: 69/69 MP: 9/9
  6581 | D:7      | Noticed Duvessa
  6582 | D:7      | Noticed Dowan
  6590 | D:7      | Killed Duvessa
  6595 | D:7      | Killed Dowan
  6596 | D:7      | Reached skill level 13 in Polearms
  6596 | D:7      | Reached skill level 5 in Armour
  6856 | D:7      | Reached skill level 14 in Polearms
  6865 | D:7      | Found a hazy altar of Hepliaklqana.
  7018 | D:3      | Bought a scroll of magic mapping for 42 gold pieces
  7256 | D:8      | Found a shimmering altar of Xom.
  7404 | D:8      | Found a transporter.
  7404 | D:8      | Found a transporter.
  7491 | D:8      | You fall into a shaft and drop 3 floors!
  7492 | D:11     | Noticed a two-headed ogre
  7502 | D:11     | Killed a two-headed ogre
  7503 | D:11     | Reached skill level 15 in Polearms
  7503 | D:11     | Reached XP level 10. HP: 76/76 MP: 10/10
  7702 | D:11     | Reached skill level 16 in Polearms
  7935 | D:11     | Reached skill level 5 in Dodging
  8016 | D:11     | Reached ***** piety under Trog
  8082 | D:11     | Reached skill level 17 in Polearms
  8160 | D:11     | Found a staircase to the Lair.
  8242 | D:11     | Noticed a manticore
  8253 | D:11     | Killed a manticore
  8254 | D:11     | Reached skill level 1 in Throwing
  8254 | D:11     | Reached skill level 1 in Evocations
  8270 | D:11     | Reached XP level 11. HP: 71/81 MP: 11/11
  8599 | D:10     | Entered Level 10 of the Dungeon
  8882 | D:10     | Noticed Grum
  8901 | D:10     | Killed Grum
  8998 | D:10     | Found an ornate altar of the Wu Jian Council.
  9523 | D:10     | Noticed an oklob plant
  9531 | D:10     | Killed an oklob plant
  9677 | D:10     | Paralysed by a hornet for 1 turns
  9686 | D:10     | Reached skill level 18 in Polearms
 10245 | D:9      | Noticed Psyche
 10255 | D:9      | Killed Psyche
 10424 | D:9      | Found Zeetis's Magic Scroll Shop.
 10549 | D:9      | Noticed a two-headed ogre
 10556 | D:9      | Killed a two-headed ogre
 10594 | D:9      | Found a staircase to the Orcish Mines.
 10615 | D:9      | Received a gift from Trog
 11299 | D:8      | Noticed Demosthentine's ghost (novice MfGl)
 11303 | D:8      | Found a transporter.
 11303 | D:8      | Identified the +8 dire flail of the Sea {holy, rElec rC+
                  | MP-9}
 11303 | D:8      | Noticed a two-headed ogre
 11334 | D:8      | Found a transporter.
 11756 | Lair:1   | Entered Level 1 of the Lair of Beasts
 11769 | Lair:1   | Noticed an eight-headed hydra
 11777 | Lair:1   | Killed an eight-headed hydra
 11933 | Lair:1   | Noticed an eight-headed hydra
 11940 | Lair:1   | Killed an eight-headed hydra
 11941 | Lair:1   | Reached skill level 19 in Polearms
 11944 | Lair:1   | Reached XP level 12. HP: 88/88 MP: 12/12
 12066 | Lair:1   | Reached skill level 5 in Throwing
 12066 | Lair:1   | Reached skill level 5 in Evocations
 13356 | Lair:2   | Reached skill level 20 in Polearms
 13579 | Lair:2   | Identified the +6 morningstar "Baaw" {freeze, Int+2}
 13707 | Lair:2   | Received a gift from Trog
 13891 | Lair:2   | Noticed a death yak
 13893 | Lair:2   | Noticed a death yak
 13906 | Lair:2   | Noticed a death yak
 13910 | Lair:2   | Killed a death yak
 13919 | Lair:2   | Killed a death yak
 13923 | Lair:2   | Killed a death yak
 14518 | Lair:2   | Reached XP level 13. HP: 89/101 MP: 13/13
 14591 | Lair:2   | Identified the +1 chain mail "Plog" {rPois Dex+3}
 14742 | Lair:3   | Found a staircase to the Snake Pit.
 15197 | Lair:3   | Found a staircase to the Swamp.
 15209 | Lair:3   | Killed from afar by a bog body

Illustrated notes

Levels and vault maps discovered:
D:1:      dpeg_arrival_boxes_within_box, layout_rooms
D:2:      layout_basic, chequers_ecumenical_altar_simple, basic_altar,
          grunt_ministairs_8, uniq_crazy_yiuf_cottage, uniq_terence
D:3:      layout_loops_cross, serial_shops, nicolae_shop_trees,
          minmay_misc_feat_ornament
D:4:      layout_loops_corners, nicolae_ashenzari_panopticon, hex_medium,
          minmay_misc_feat_alley, minmay_cupped, uniq_eustachio, uniq_menkaure
D:5:      layout_basic, makhleb_grotto_becter, mainiacjoe_overflow_two_lobes,
          corexii_corridor_pit
D:6:      layout_rooms, amcnicky_altar_gilded,
          chequers_temple_overflow_minitemple,
          minmay_temple_entry_statues_pillars
D:7:      layout_rooms, mainiacjoe_overflow_paths, uniq_duvessa
D:8:      gammafunk_steamed_eel, layout_rooms, xom_butterflies,
          gammafunk_ghost_smash, minmay_misc_feat_diagonals
D:9:      layout_grid_maze, david_orc_5, serial_shops,
          nicolae_shop_behind_doors, uniq_psyche
D:10:     layout_roguey, nicolae_wu_jian_glorious_leap,
          introduction_to_nature_2, uniq_grum
D:11:     layout_basic, erik_lair_dragon
Lair:1:   layout_regular_city, lemuel_fruit_tree
Lair:2:   regret_index_wax_grids, layout_chaotic_city,
          chequers_serial_rivers_micro_b, gammafunk_lair_bear_cave
Lair:3:   layout_hall_layers, skrybe_swamp_entry_bodies, dummy_snake_entry,
          grunt_megastairs_2

Skill      XL: |  1  2  3  4  5  6  7  8  9 10 11 12 |
---------------+-------------------------------------+-----
Polearms       | 5 6 7 8 10 12 15 17 19 20 | 20.0
Armour         | 2 3 4 6 |  6.0
Fighting       | 4 5 6 9 |  9.9
Dodging        | 6 |  6.0
Throwing       | 1 4 7 |  7.9
Evocations     | 1 4 6 |  6.0

Action                   |  1- 3 |  4- 6 |  7- 9 | 10-12 | 13-15 || total
-------------------------+-------+-------+-------+-------+-------++-------
Melee: Spear             |   140 |    97 |       |       |       ||   237
       Trident           |       |    97 |   255 |   615 |    32 ||   999
       Glaive            |       |       |       |       |     5 ||     5
       Tailslap          |       |       |       |       |     1 ||     1
Throw: Throwing net      |       |     2 |       |       |       ||     2
       Dart              |       |       |     5 |    21 |       ||    26
Invok: Berserk           |     2 |     9 |     5 |    11 |     1 ||    28
  Use: Scroll            |       |       |    19 |     6 |       ||    25
 Stab: Sleeping          |     1 |       |       |       |       ||     1
Armor: Animal skin       |    13 |       |       |       |       ||    13
       Scale mail        |    10 |       |       |       |       ||    10
       Chain mail        |       |   115 |    80 |    52 |       ||   247
       Plate armour      |       |       |       |   126 |     4 ||   130
Dodge: Dodged            |    67 |    72 |    44 |   132 |     7 ||   322
Block: Other             |       |       |       |    11 |     3 ||    14

Table legend: (Time is in decaauts)
 A = Elapsed time spent in this place.
 B = Non-inter-level travel time spent in this place.
 C = Inter-level travel time spent in this place.
 D = Time resting spent in this place.
 E = Time spent auto-exploring this place.
 F = Levels seen in this place.
 G = Mean time per level.
                   A        B        C        D        E       F      G
               +--------+--------+--------+--------+--------+-----+--------+
         Total |  15038 |  14120 |    918 |   1874 |  10438 |  14 | 1074.1 |
       Dungeon |  11681 |  10818 |    863 |   1298 |   8117 |  11 | 1061.9 |
          Lair |   3356 |   3301 |     55 |    575 |   2321 |   3 | 1118.7 |
               +--------+--------+--------+--------+--------+-----+--------+

Top non-repeatable levels by time:
  Lair:2: 1827 daAuts
     D:4: 1583 daAuts
    D:10: 1520 daAuts
     D:2: 1210 daAuts
    D:11: 1181 daAuts
     D:5: 1176 daAuts
  Lair:1: 1057 daAuts
     D:9: 1047 daAuts
     D:1: 1021 daAuts
     D:3: 878 daAuts
     D:7: 848 daAuts
     D:6: 661 daAuts
     D:8: 552 daAuts
  Lair:3: 471 daAuts
